 Dungeon Crawl Stone Soup version 0.21.1-1-g345015f (webtiles) character file.

329 chorionicmirror the Ducker (level 6, 0/47 HPs)
             Began as a Demonspawn Gladiator on June 8, 2018.
             Slain by an iguana (5 damage)
             ... on level 4 of the Dungeon.
             The game lasted 00:30:41 (3725 turns).

chorionicmirror the Ducker (Demonspawn Gladiator)   Turns: 3725, Time: 00:30:42

Health: 0/47       AC: 14    Str: 17    XL:     6   Next: 25%
Magic:  6/6        EV: 12    Int:  9    God:
Gold:   155        SH:  0    Dex: 14    Spells: 5/5 levels left

rFire    . . .     SeeInvis .   F - +0 falchion
rCold    . . .     Gourm    .   (no shield)
rNeg     . . .     Faith    .   g - quicksilver dragon scales
rPois    .         Spirit   .   c - +0 helmet
rElec    .         Reflect  .   n - +0 cloak
rCorr    .         Harm     .   (no gloves)
MR       ++...                  (no boots)
Stlth    +.........             (no amulet)
HPRegen  0.15/turn              t - ring of protection from magic
MPRegen  0.10/turn              (no ring)

@: no status effects
A: talons 2, icy blue scales 1, demonic guardian 1
a: no special abilities


You were on level 4 of the Dungeon.
You were very hungry.

You visited 1 branch of the dungeon, and saw 4 of its levels.

You collected 155 gold pieces.

Inventory:

Hand Weapons
 a - a +0 long sword
 j - a +0 dagger
 o - a +0 short sword
 p - a +1 mace of holy wrath
 y - a cursed -3 short sword
 A - a +0 vampiric dagger
 F - a +0 falchion (weapon)
 G - a +0 falchion
Missiles
 d - 3 throwing nets (quivered) {poop}
 i - 92 arrows
 k - 64 stones
 w - 38 sling bullets
Armour
 b - a +0 leather armour
 c - a +0 helmet (worn)
 g - quicksilver dragon scales (worn)
 n - a +0 cloak (worn)
Jewellery
 t - a ring of protection from magic (left hand)
Wands
 D - a wand of acid (6)
Scrolls
 e - a scroll of fog {unknown}
 r - 2 scrolls of remove curse
 u - 2 scrolls of blinking {unknown}
 x - 2 scrolls of identify {unknown}
 E - a scroll of enchant armour {unknown}
Potions
 h - a potion of agility {unknown}
 l - 3 potions of heal wounds {unknown}
 m - a potion of lignification {unknown}
 q - a potion of berserk rage {unknown}
 v - 2 potions of resistance {unknown}
 z - 2 potions of curing {unknown}
 B - a potion of haste {unknown}
 C - 2 potions of degeneration {unknown}
Books
 s - a book of Misfortune

   Spells                             Type                      Level
   a - Confusing Touch                Hexes                        1
   b - Confuse                        Hexes                        3
   c - Gell's Gravitas                Translocation                3
   d - Petrify                        Transmutation/Earth          4
   e - Metabolic Englaciation         Hexes/Ice                    5
   f - Yara's Violent Unravelling     Hexes/Transmutation          5
Comestibles
 f - 7 rations


   Skills:
 + Level 3.3 Fighting
 + Level 3.7 Long Blades
 - Level 2.0 Throwing
 + Level 2.1 Armour
 + Level 3.9 Dodging
 + Level 2.2 Stealth


You had 5 spell levels left.
You didn't know any spells.

Dungeon Overview and Level Annotations

Branches:
Dungeon (4/15)
 Temple: D:4-7

Altars:

Annotations:
D:4 Edmund


Innate Abilities, Weirdness & Mutations

You have razor-sharp toenails.
You are partially covered in icy blue scales. (AC +2)
A weak demonic guardian rushes to your aid.


Message History

The iguana closely misses you.
You riposte.
You barely miss the iguana. You claw the iguana.
The iguana is severely wounded.
The iguana bites you.
* * * LOW HITPOINT WARNING * * *
Things that are here:
a flail; a gnoll corpse You barely miss the iguana.
The iguana is severely wounded.
Edmund hits you with a flail of holy wrath.
* * * LOW HITPOINT WARNING * * *
You convulse.
* * * LOW HITPOINT WARNING * * *
Your shadow imp hits Edmund.
The iguana bites you but does no damage.
You hit the iguana but do no damage. Your kick misses the iguana.
The iguana is severely wounded.
Your shadow imp hits Edmund.
Edmund completely misses you. The iguana bites you.
You die...

.............#
.............#
#............#
#...........#
#...........#
#.....)....#
#.........##
##.....%.##
#@@5.)..#
##l....##
#.)...#
###..<# ###.##
##.# #.# ###


You could see Edmund, an iguana and a friendly shadow imp.

Vanquished Creatures
  The ghost of Alter the Conjurer, an amateur DgCj (D:3)
  2 worker ants
  5 gnolls
  10 adders
  2 worms (D:2)
  2 leopard geckos
  An orc (D:3)
  12 bats
  A giant cockroach (D:3)
  11 goblins
  8 hobgoblins
  4 jackals (D:2)
  2 quokkas (D:3)
  6 frilled lizards
  10 kobolds
  9 rats
86 creatures vanquished.

Notes
Turn   | Place    | Note
-------+----------+-------------------------------------------
     0 | D:1      | chorionicmirror the Demonspawn Gladiator began the quest for the Orb.
     0 | D:1      | Reached XP level 1. HP: 16/16 MP: 1/1
   172 | D:1      | Gained mutation: A weak demonic guardian rushes to your aid. [demonic ancestry]
   172 | D:1      | Reached XP level 2. HP: 21/22 MP: 2/2
  1046 | D:2      | Gained mutation: You have sharp toenails. [demonic ancestry]
  1046 | D:2      | Reached XP level 3. HP: 16/28 MP: 3/3
  1056 | D:2      | Reached skill level 1 in Stealth
  1306 | D:2      | Gained mutation: You are partially covered in icy blue scales. (AC +2) [demonic ancestry]
  1306 | D:2      | Reached XP level 4. HP: 17/34 MP: 4/4
  1340 | D:2      | Reached skill level 1 in Armour
  2322 | D:3      | Gained mutation: You have razor-sharp toenails. [demonic ancestry]
  2322 | D:3      | Reached XP level 5. HP: 36/40 MP: 5/5
  2624 | D:3      | Noticed Alter's ghost (amateur DgCj)
  2642 | D:3      | Killed Alter's ghost
  2963 | D:3      | Reached XP level 6. HP: 44/47 MP: 6/6
  3705 | D:4      | Noticed Edmund
  3725 | D:4      | Slain by an iguana

Skill      XL: |  1  2  3  4  5  6 |
---------------+-------------------+-----
Dodging        | 3 |  3.9
Throwing       | 2 |  2.0
Long Blades    | 3 |  3.7
Stealth        | 1 2 |  2.2
Armour         | 1 2 |  2.1
Fighting       | 3 |  3.3

Action                   |  1- 3 |  4- 6 || total
-------------------------+-------+-------++-------
Melee: Long sword        |    92 |   116 ||   208
       Kick              |     6 |    35 ||    41
       Falchion          |       |    30 ||    30
  Use: Scroll            |     1 |       ||     1
 Stab: Sleeping          |       |     1 ||     1
  Eat: Chunk             |     1 |     7 ||     8
Armor: Quicksilver drago |    39 |    80 ||   119
Dodge: Dodged            |    65 |   110 ||   175
       Rpst.: Long sword |    21 |    24 ||    45
       Falchion          |       |    11 ||    11
